 Dungeon Crawl Stone Soup version 0.29-a0-90-gc37658a0fe (console) character file.

Game seed: 16816744293106613187

4498 Gather the Chiller (level 10, -11/73 HPs)
             Began as a Mummy Ice Elementalist on Feb 5, 2022.
             Was an Initiate of Ashenzari.
             Killed by the air
             ... invoked by Gastronok
              (23 damage)
             ... on level 8 of the Dungeon on Feb 6, 2022.
             The game lasted 01:16:23 (14230 turns).

Gather the Chiller (Mummy Ice Elementalist)        Turns: 14230, Time: 01:16:24

Health: -11/73     AC: 10    Str: 12    XL:     10   Next: 16%
Magic:  2/16       EV: 12    Int: 19    God:    Ashenzari [......]
Gold:   250        SH:  0    Dex: 12    Spells: 3/17 levels left

rFire   + . .      SeeInvis +   C - staff of cold
rCold   + + .      Faith    .   (no shield)
rNeg    + + +      Spirit   .   l - +3 leather armour {rPois}
rPois   ∞          Reflect  .   z - +0 helmet of Ashenzari's Relativism {SInv, Alch, Self} (curse)
rElec   .          Harm     .   (no cloak)
rCorr   .          Rampage  .   g - +0 pair of gloves
Will    +....                   k - +0 pair of boots
Stlth   ++........              (no amulet)
HPRegen 0.22/turn               c - ring of protection from fire
MPRegen 0.15/turn               e - ring of protection from fire

@: slowed, very slow
A: cold resistance 1, negative energy resistance 3, torment resistance 2, heat
vulnerability 1, no potions
a: Renounce Religion, Shatter the Chains


You were on level 8 of the Dungeon.
You worshipped Ashenzari.
Ashenzari was noncommittal.
You visited 2 branches of the dungeon, and saw 9 of its levels.
You also visited: Sewer.

You collected 584 gold pieces.
You spent 334 gold pieces at shops.

Inventory:

Hand Weapons
 b - a +1 dagger of draining
 h - a +0 spear
 o - a +0 short sword
 p - a +0 short sword of draining
 r - a +2 mace
 u - a +4 halberd
 v - a +0 long sword
 w - a +3 trident
 B - a +2 dagger of protection
 D - a +3 mace of freezing
Missiles
 d - 339 stones (quivered)
 i - 29 poisoned darts
Armour
 a - a +0 robe
 f - a +0 scale mail
 g - a +0 pair of gloves (worn)
 k - a +0 pair of boots (worn)
 l - a +3 leather armour of poison resistance (worn)
 z - the cursed +0 helmet of Ashenzari's Relativism (worn) {SInv, Alch, Self}
   (You bought it in a shop on level 5 of the Dungeon)

   It has a curse which improves the following skills: Alchemy: Poison Magic and
   Transmutations.
   Introspection: Fighting and Spellcasting.
Magical Staves
 C - a staff of cold (weapon)
Jewellery
 c - a ring of protection from fire (left hand)
 e - a ring of protection from fire (right hand)
 q - a ring of resist corrosion
Wands
 x - a wand of flame (21)
 y - a wand of mindburst (10)
Scrolls
 j - 3 scrolls of fog
 m - 3 scrolls of teleportation
 n - 2 scrolls of torment
 s - 3 scrolls of identify
 t - a scroll of amnesia
 A - a scroll of blinking {unknown}


   Skills:
 - Level 4.4(4.8) Fighting
 + Level 1.5 Staves
 + Level 3.9 Armour
 + Level 3.5 Dodging
 + Level 3.8 Stealth
 - Level 4.0(4.4) Spellcasting
 + Level 4.7 Conjurations
 - Level 6.9 Ice Magic
 - Level 3.9 Air Magic
 - Level 3.5 Evocations


You had 3 spell levels left.
You knew the following spells:

 Your Spells              Type           Power      Damage    Failure   Level
a - Freeze                Ice            100%       1d11      1%          1
b - Lightning Bolt        Conj/Air       10%        1d23      61%         5
d - Static Discharge      Conj/Air       20%        N/A       4%          2
i - Ozocubu's Armour      Ice            46%        N/A       2%          3
x - Frozen Ramparts       Ice            92%        1d11      2%          3

Your spell library contained the following spells:

 Spells                   Type           Power      Damage    Failure   Level
 Hailstorm                Conj/Ice       39%        3d9       16%         4
 Iskenderun's Battlesphe  Conj           22%        2d8       54%         5
 Fireball                 Conj/Fire      6%         3d5       87%         5
 Iron Shot                Conj/Erth      6%         9d2       100%        6
 Starburst                Conj/Fire      6%         6d4       100%        6
 Spellforged Servitor     Conj/Summ      6%         N/A       100%        7
 Ignition                 Fire           2%         3d3       100%        8
 Maxwell's Capacitive Co  Air            9%         ∞         100%        8


Dungeon Overview and Level Annotations

Branches:
Dungeon (8/15)             Temple (1/1) D:5           Sewer (visited)
   Lair: D:8-11

Altars:
Ashenzari
Cheibriados
Dithmenos
Elyvilon
Fedhas
Gozag
Hepliaklqana
Kikubaaqudgha
Makhleb
Nemelex Xobeh
Okawaru
Qazlal
Ru
Sif Muna
Trog
Uskayaw
Vehumet
Wu Jian
Xom
Yredelemnul
Zin
The Shining One

Shops:
D:4 [   D:5 [=[**

Annotations:
D:5 2 transporters, bgiannan's ghost, novice MiFi
D:8 Gastronok


Innate Abilities, Weirdness & Mutations

You are immune to poison.
Your flesh is cold resistant. (rC+)
You are immune to negative energy. (rN+++)
You are immune to unholy pain and torment.
You are vulnerable to heat. (rF-)
You do not drink.


Message History

Gastronok is severely wounded.
The lightning grounds out.
You hit Gastronok.
Gastronok is severely wounded.
The wall freezes Gastronok.
Gastronok misses you.
You hit Gastronok but do no damage. You freeze Gastronok.
Gastronok is severely wounded.
The frozen ramparts melt away.
You hit Gastronok. You freeze Gastronok.
Gastronok is severely wounded.
Gastronok bites you!!
Aiming: Mindburst
Press: ? - help, Shift-Dir - straight line, f - Gastronok
Aim: Gastronok, wearing a +2 hat (severely wounded, covering ground quickly, chance to affect: 28%) Gastronok easily resists.
Aiming: Mindburst
Press: ? - help, Shift-Dir - straight line, f/p - Gastronok
Aim: Gastronok, wearing a +2 hat (severely wounded, covering ground quickly, chance to affect: 28%) Gastronok easily resists.
Gastronok waves his eye-stalks in wide circles.
The air twists around and strikes you!!
* * * LOW HITPOINT WARNING * * *
Your magical contamination has completely faded away.
Your icy armour will break if you move.
Continue?
Your icy armour cracks and falls away as you move.
Gastronok sloshes about.
Gastronok chants a spell, wobbling all the while.
Gastronok casts a spell at you.
You feel yourself slow down. The bat hits you.
* * * LOW HITPOINT WARNING * * *
The bat barely misses you. The bat hits you.
* * * LOW HITPOINT WARNING * * *
The bat hits you.
* * * LOW HITPOINT WARNING * * *
The bat hits you but does no damage.
Gastronok waves his eye-stalks in wide circles.
The air twists around and strikes you!!
You die...

......(..........#
...##...##.......#
...#######.......#
...# #......w#
...# #.......#
...# #.......#
...# #.).....#
...#.....#.......#
...#.....#)......#
...#.....#......b#
...#.....#......@#
...#.....#.......#
...#.....#...b...#
...#.....#.......#
...#..).)#.......#
...#....)[.......#
...#....##[.##...#
...#....##..######
...#.##'##..#....#
...#.#≈≈≈#..#....#
...#.+≈≈≈+..#....#


You could see Gastronok (swift) and 2 bats.

Vanquished Creatures
  Harold (D:8)
  Psyche (D:8)
  Grinder (D:5)
  Sigmund (D:5)
  A water moccasin (D:7)
  2 ice beasts
  3 black bears
  An orc warrior (D:7)
  A necrophage (D:7)
  3 ogres
  2 centaurs
  6 kobold brigands
  3 bullfrogs
  A scorpion (D:6)
  11 wights
  6 howler monkeys
  2 centaur zombies (D:6)
  A bullfrog zombie (D:6)
  A hound (D:5)
  A jelly (D:6)
  A centaur skeleton (D:6)
  3 orc priests
  3 iguanas
  Ijyb (D:5)
  3 orc wizards (D:7)
  A hound zombie (D:4)
  A hound skeleton (D:5)
  A howler monkey zombie (D:6)
  A gnoll (D:4)
  9 adders
  A howler monkey skeleton (D:6)
  3 river rats
  A shadow imp (D:7)
  2 white imps (D:7)
  12 worms
  A dart slug (D:1)
  11 orcs
  8 ball pythons
  7 endoplasms
  3 giant cockroaches
  4 goblins
  7 hobgoblins
  2 jackals (D:1)
  5 bats
  2 frilled lizards
  13 kobolds
  A quokka skeleton (D:4)
  11 rats
167 creatures vanquished.

Notes
Turn   | Place    | Note
-------+----------+-------------------------------------------
     0 | D:1      | Gather the Mummy Ice Elementalist began the quest for the
                  | Orb.
     0 | D:1      | Reached XP level 1. HP: 13/13 MP: 4/4
   432 | D:1      | Reached XP level 2. HP: 14/19 MP: 2/5
   872 | D:1      | Found a faded altar of an unknown god.
  1158 | D:1      | Reached skill level 4 in Ice Magic
  1523 | D:2      | Reached XP level 3. HP: 19/24 MP: 2/7
  1539 | D:2      | Learned a level 3 spell: Frozen Ramparts
  1741 | D:2      | Found an iron altar of Okawaru.
  2541 | D:3      | Reached XP level 4. HP: 30/30 MP: 6/8
  2545 | D:3      | Learned a level 3 spell: Ozocubu's Armour
  3040 | D:4      | Found Eboetig's Antique Armour Shop.
  3454 | D:4      | Reached skill level 5 in Ice Magic
  3908 | D:4      | Noticed an ogre
  3931 | D:4      | Killed an ogre
  3932 | D:4      | Reached XP level 5. HP: 7/35 MP: 0/9
  4351 | D:5      | Entered Level 5 of the Dungeon
  4508 | D:5      | Found Orheodumi's Antique Armour Emporium.
  4532 | D:5      | Noticed an ice beast
  4666 | D:5      | Found a transporter.
  4680 | D:5      | Found a staircase to the Ecumenical Temple.
  4691 | D:5      | Noticed a black bear
  4751 | D:5      | Found Rexkoq's General Store.
  4754 | D:5      | Bought a +0 pair of boots for 63 gold pieces
  4792 | D:4      | Bought a dyed leather armour for 110 gold pieces
  4865 | D:5      | Found Xudonn's Assorted Antiques.
  4911 | D:5      | Killed a black bear
  4912 | D:5      | Reached skill level 1 in Evocations
  4912 | D:5      | Reached XP level 6. HP: 35/41 MP: 0/10
  5229 | D:5      | Noticed Grinder
  5268 | D:5      | Noticed an ice beast
  5319 | D:5      | Paralysed by Grinder for 3 turns
  5884 | D:6      | Found a glowing drain.
  5974 | Sewer    | Entered a sewer
  6018 | Sewer    | Reached skill level 1 in Fighting
  6168 | Sewer    | Reached skill level 6 in Ice Magic
  6176 | Sewer    | Reached XP level 7. HP: 47/48 MP: 1/12
  7051 | Sewer    | Reached skill level 1 in Armour
  7502 | D:6      | Reached XP level 8. HP: 57/57 MP: 5/14
  7765 | D:6      | Learned a level 2 spell: Static Discharge
  8072 | D:6      | Reached skill level 1 in Conjurations
  8072 | D:6      | Reached skill level 1 in Air Magic
  9142 | D:5      | Noticed bgiannan's ghost (novice MiFi)
  9152 | D:5      | Found a transporter.
  9329 | D:5      | Found Vulic's Jewellery Shoppe.
  9332 | D:5      | Noticed Sigmund
  9365 | D:5      | Killed Sigmund
  9446 | D:5      | Found Zyguntoih's Armour Shop.
  9446 | D:5      | Noticed Ijyb
  9455 | D:5      | Killed Ijyb
  9524 | D:5      | Bought a +0 helmet of see invisible for 161 gold pieces
  9602 | D:5      | Found Zyguntoih's Armour Shop.
  9736 | D:5      | Killed Grinder
  9737 | D:5      | Reached XP level 9. HP: 49/62 MP: 1/15
  9889 | D:5      | Found Rexkoq's General Store.
  9926 | D:5      | Found Xudonn's Assorted Antiques.
  9959 | D:5      | Found a staircase to the Ecumenical Temple.
 10012 | D:5      | Found Orheodumi's Antique Armour Emporium.
 10181 | D:5      | Found a transporter.
 10209 | D:5      | Found a transporter.
 10298 | D:5      | Found Vulic's Jewellery Shoppe.
 10535 | D:4      | Found Eboetig's Antique Armour Shop.
 10792 | D:5      | Learned a level 5 spell: Lightning Bolt
 10988 | Temple   | Entered the Ecumenical Temple
 11241 | Temple   | Became a worshipper of Ashenzari the Shackled
 12666 | D:8      | Noticed Gastronok
 12668 | D:8      | Noticed Harold
 12908 | D:8      | Noticed Psyche
 13112 | D:8      | Killed Harold
 13113 | D:8      | Reached skill level 1 in Staves
 13423 | D:8      | Reached XP level 10. HP: 72/73 MP: 8/16
 13476 | D:8      | Upgraded the game from 0.29-a0-88-g03a7b78be7 to
                  | 0.29-a0-90-gc37658a0fe
 13573 | D:8      | Killed Psyche
 14230 | D:8      | Killed from afar by Gastronok

Illustrated notes

Levels and vault maps discovered:
D:1:      grunt_arrival_crossed_arrows, layout_loops_cross,
          chequers_ecumenical_altar_grove
D:2:      layout_rooms, basic_altar, nicolae_concentric_dashed_squares_wild,
          kennysheep_generic_room_2
D:3:      layout_rooms, grunt_ministairs_10
D:4:      kennysheep_spiral_hall, layout_basic, serial_shops, shop,
          kennysheep_generic_room_11
D:5:      layout_basic, temple_pool_b, gammafunk_ghost_stat_death, serial_shops,
          nicolae_shop_waterfront, nicolae_shop_waterfront,
          nicolae_stop_n_shop_2, nicolae_shop_waterfront, shop, uniq_grinder,
          uniq_sigmund, uniq_ijyb
D:6:      layout_loops_ring, lightli_sewer_entry_pipes
D:7:      layout_loops_ring
D:8:      layout_gridville, minmay_liquid_box, grunt_ministairs_4,
          hangedman_abyss_or_decor_passed, uniq_prince_ribbit1, uniq_psyche,
          uniq_harold, uniq_gastronok
Temple:   mainiacjoe_temple_hex_bubbles

Skill      XL: |  1  2  3  4  5  6  7  8  9 |
---------------+----------------------------+-----
Ice Magic      | 4 5 6 |  6.9
Evocations     | 1 2 3 |  3.5
Spellcasting   | 3 4 |  4.0
Fighting       | 1 2 4 |  4.4
Armour         | 2 3 |  3.9
Conjurations   | 3 4 |  4.7
Air Magic      | 3 |  3.9
Dodging        | 3 |  3.5
Stealth        | 3 |  3.8
Staves         | 1 |  1.5

Action                   |  1- 3 |  4- 6 |  7- 9 | 10-12 || total
-------------------------+-------+-------+-------+-------++-------
Melee: Dagger            |     5 |    51 |    13 |     1 ||    70
       Punch             |       |     2 |     2 |     1 ||     5
       Short sword       |       |       |    45 |       ||    45
       Mace              |       |       |   113 |       ||   113
       Staff             |       |       |       |     5 ||     5
Throw: Stone             |       |     1 |       |       ||     1
       Dart              |       |       |     5 |       ||     5
 Cast: Freeze            |    70 |    48 |    45 |       ||   163
       Frozen Ramparts   |     1 |    17 |    50 |     3 ||    71
       Ozocubu's Armour  |       |     9 |    42 |     7 ||    58
       Static Discharge  |       |       |    31 |    21 ||    52
Invok: Curse Item        |       |       |     1 |       ||     1
Evoke: Wand              |       |     4 |     5 |     2 ||    11
  Use: Scroll            |       |     8 |     1 |       ||     9
 Stab: Sleeping          |       |       |     1 |     1 ||     2
Armor: Robe              |    10 |    20 |       |       ||    30
       Leather armour    |       |    21 |   150 |    13 ||   184
Dodge: Dodged            |    41 |    61 |   186 |    14 ||   302

Table legend: (Time is in decaauts)
 A = Elapsed time spent in this place.
 B = Non-inter-level travel time spent in this place.
 C = Inter-level travel time spent in this place.
 D = Time resting spent in this place.
 E = Time spent auto-exploring this place.
 F = Levels seen in this place.
 G = Mean time per level.
                   A        B        C        D        E       F      G
               +--------+--------+--------+--------+--------+-----+--------+
         Total |  14479 |  13710 |    769 |   1777 |   9291 |  10 | 1447.9 |
       Dungeon |  12844 |  12110 |    734 |   1763 |   7987 |   8 | 1605.5 |
        Temple |    278 |    244 |     34 |      0 |    240 |   1 |  278.0 |
         Sewer |   1356 |   1356 |      0 |     14 |   1064 |   1 | 1356.0 |
               +--------+--------+--------+--------+--------+-----+--------+

Top non-repeatable levels by time:
     D:6: 2203 daAuts
     D:4: 2160 daAuts
     D:5: 2159 daAuts
     D:7: 1727 daAuts
   Sewer: 1356 daAuts
     D:1: 1356 daAuts
     D:8: 1328 daAuts
     D:3: 1106 daAuts
     D:2: 802 daAuts
  Temple: 278 daAuts
